 Dungeon Crawl Stone Soup version 0.17-a0-1504-gb7d9117 (webtiles) character file.

102 namelastname112 the Slasher (level 4, -3/60 HPs)
             Began as a Draconian Berserker on July 7, 2015.
             Was a Priest of Trog.
             Slain by a worm (5 damage)
             ... on level 3 of the Dungeon.
             The game lasted 00:03:09 (1581 turns).

namelastname112 the Slasher (Draconian Berserker)   Turns: 1581, Time: 00:03:09

Health: -3/60      AC:  5    Str: 25    XL:     4   Next: 49%
Magic:  4/4        EV: 13    Int:  7    God:    Trog [***...]
Gold:   185        SH:  0    Dex: 11    Spells: 0 memorised, 3 levels left

rFire  . . .     SeeInvis .     a - +0 falchion
rCold  . . .     Clarity  .     (armour unavailable)
rNeg   . . .     SustAt   .     (no shield)
rPois  .         Gourm    .     (helmet restricted)
rElec  .         Spirit   .     (no cloak)
rCorr  .         Warding  .     (no gloves)
rMut   .         Stasis   .     (no boots)
MR     .....                    (no amulet)
Stlth  ..........               (no ring)
                                (no ring)

@: berserking (expiring), slowed, not resistant to hostile enchantments,
extremely unstealthy
A: unfitting armour, cold-blooded, AC +5
a: Burn Spellbooks, Berserk, Trog's Hand, Renounce Religion


You were on level 3 of the Dungeon.
You worshipped Trog.
Trog was most pleased with you.
You were hungry.

You visited 1 branch of the dungeon, and saw 3 of its levels.

You collected 185 gold pieces.

Inventory:

Hand weapons
 a - a +0 falchion (weapon)
Magical devices
 o - a wand of slowing (27)
Scrolls
 d - a scroll of remove curse {unknown}
 e - a scroll of enchant armour {unknown}
 f - 2 scrolls of teleportation {unknown}
 g - a scroll of magic mapping {unknown}
 h - a scroll of blinking {unknown}
 q - a scroll of identify {unknown}
Potions
 c - 5 potions of curing {unknown}
 j - a potion of lignification {unknown}
 k - a potion of haste {unknown}
 l - a potion of heal wounds {unknown}
 m - 2 potions of mutation {unknown}
 p - a potion of magic {unknown}
Comestibles
 b - 3 bread rations
 i - 2 meat rations
 n - a slice of pizza


   Skills:
 + Level 4.0 Fighting
 * Level 4.2 Long Blades
 + Level 3.4 Dodging


You had 3 spell levels left.
You didn't know any spells.

Dungeon Overview and Level Annotations

Branches:
Dungeon (3/15)

Altars:
Cheibriados
Dithmenos
Trog
Yredelemnul


Innate Abilities, Weirdness & Mutations

Your plain brown scales are hard (AC +5).
Your body does not fit into most forms of armour.
You are cold-blooded and may be slowed by cold attacks.


Message History

Unknown command.
You are too injured to fight recklessly!
You are too injured to fight recklessly!
You are too injured to fight recklessly!
Unknown command.
You barely miss the orc.
The orc hits you with a dagger of protection.
* * * LOW HITPOINT WARNING * * *
The hobgoblin hits you.
* * * LOW HITPOINT WARNING * * *
The orc hits you but does no damage. The orc closely misses you.
You slash the orc!
You kill the orc!
Trog accepts your kill.
The orc hits you with a dagger of protection.
* * * LOW HITPOINT WARNING * * *
The hobgoblin closely misses you. The orc hits you with a whip.
* * * LOW HITPOINT WARNING * * *
The worm bites you.
You die...

#....#.#.# ##........##
#.....#.#..####
#.............### ##
#......###......#...
######..........#.#.....
....##..................
........###....o#w#.....
.#.#.#..# ##....@o..#
.......## ###.g#o.$....
.#.#.#.## #..####..[.
........# ##....# ...
.#.#.#..##....##.# .
.........#.### ..
....>...... ...
.###......# ## ....
.###....#....#


You could see a worm, 3 orcs and a hobgoblin.

Vanquished Creatures
  An orc wizard (D:3)
  An adder (D:2)
  2 worms (D:2)
  A giant gecko (D:2)
  2 orcs
  7 bats
  3 giant cockroaches
  8 hobgoblins
  8 jackals
  A quokka (D:2)
  A ball python (D:1)
  A giant newt (D:1)
  9 goblins
  3 kobolds (D:2)
  7 rats
55 creatures vanquished.

Notes
Turn   | Place    | Note
--------------------------------------------------------------
     0 | D:1      | namelastname112 the Draconian Berserker began the quest for the Orb.
     0 | D:1      | Reached XP level 1. HP: 19/19 MP: 1/1
   156 | D:1      | Reached XP level 2. HP: 23/26 MP: 2/2
   511 | D:1      | Acquired Trog's second power
   820 | D:2      | Found a shadowy altar of Dithmenos.
   833 | D:2      | Reached XP level 3. HP: 27/31 MP: 3/3
   865 | D:2      | Found a bloodstained altar of Trog.
  1110 | D:2      | Found a snail-covered altar of Cheibriados.
  1450 | D:3      | Reached skill level 4 in Long Blades
  1455 | D:3      | Reached XP level 4. HP: 40/40 MP: 4/4
  1490 | D:3      | Found a basalt altar of Yredelemnul.
  1581 | D:3      | HP: 2/60 [orc/whip (3)]
  1581 | D:3      | Slain by a worm

Vault maps used:
D:1:      dpeg_arrival_pond, minmay_misc_feat_doors, serial_bayou_pond_b,
          corexii_leaking_fountain, minmay_crystal_water
D:2:      lemuel_round_altar, grunt_dithmenos_smoke, first_bread,
          cheibriados_altar_wand_db
D:3:      lemuel_crystal_altar, serial_glass, glass_columns_b, glass_columns_a,
          glass_columns_a, glass_columns_c, glass_columns_a, glass_columns_a,
          glass_columns_c, glass_columns_c, glass_columns_a, glass_columns_a,
          glass_columns_a, glass_columns_b, glass_columns_b, glass_columns_a

Action                   |  1- 3 |  4- 6 || total
-------------------------+-------+-------++-------
Melee: Falchion          |   150 |    23 ||   173
Invok: Berserk           |     2 |     1 ||     3
 Stab: Sleeping          |     1 |       ||     1
  Eat: Chunk             |     3 |     1 ||     4
